 Dungeon Crawl Stone Soup version 0.29-a0-1016-g236c7fd91e (webtiles) character file.

Game seed: 12702953880160663156

25 Turgor the Scratcher (level 2, -6/12 HPs)
             Began as a Felid Transmuter on Aug 9, 2022.
             Mangled by Terence
             ... wielding a +0 flail
              (11 damage)
             ... on level 2 of the Dungeon.
             The game lasted 00:06:35 (1411 turns).

Turgor the Scratcher (Felid Transmuter)             Turns: 1411, Time: 00:06:35

Health: -6/12      AC:  1    Str:  6    XL:     2   Next: 86%
Magic:  3/6        EV: 17    Int: 14    God:
Gold:   107        SH:  0    Dex: 16    Spells: 2/5 levels left
                                        Lives:  0   Deaths: 0

rFire   . . .      SeeInvis +     - Unarmed
rCold   . . .      Faith    .   (shield unavailable)
rNeg    . . .      Spirit   .   (body armour unavailable)
rPois   .          Reflect  .   (helmet unavailable)
rElec   .          Harm     .   (cloak unavailable)
rCorr   .          Rampage  .   (gloves unavailable)
Will    .....                   (boots unavailable)
Stlth   +.........              (no amulet)
HPRegen 0.04/turn               (no ring)
MPRegen 0.10/turn               (no ring)

@: lethally poisoned (-6 -> -11), appendages (expiring), wereblooded, quick
A: horns 2, very small, claws 1, fangs 3, see invisible, speed 1, shaggy fur 1,
stealthy paws, no weapons or thrown items, no armour, multi-lived
a: End Transformation


You were on level 2 of the Dungeon.
You had temporarily grown beastly horns.
You visited 1 branch of the dungeon, and saw 2 of its levels.

You collected 107 gold pieces.

Inventory:

Scrolls
 c - a scroll of amnesia {unknown}
 d - a scroll of butterflies {unknown}
 e - a scroll of immolation {unknown}
 f - a scroll of teleportation {unknown}
Potions
 a - a potion of lignification
 b - 3 potions of curing {unknown}
 g - a potion of magic {unknown}
 h - a potion of degeneration {unknown}


   Skills:
 + Level 1.4 Fighting
 + Level 3.1 Dodging
 * Level 3.3 Unarmed Combat
 + Level 2.2 Spellcasting
 + Level 2.4 Transmutations


You had 2 spell levels left.
You knew the following spells:

 Your Spells              Type           Power      Damage    Failure   Level
a - Beastly Appendage     Tmut           16%        N/A       9%          1
b - Wereblood             Tmut           8%         N/A       13%         2

Your spell library contained the following spells:

 Spells                   Type           Power      Damage    Failure   Level
 Spider Form              Tmut/Pois      5%         N/A       38%         3
 Ice Form                 Ice/Tmut       5%         N/A       80%         4


Dungeon Overview and Level Annotations

Branches:
Dungeon (2/15)

Altars:

Annotations:
D:2 Terence


Innate Abilities, Weirdness & Mutations

You have temporarily grown beastly horns.
You have sharp claws.
You have razor-sharp teeth.
You have supernaturally acute eyesight. (SInv)
You cover ground quickly. (Speed+)
You are covered in fur. (AC +1)
Your paws help you pounce on unaware monsters.
You are incapable of wielding weapons or throwing items.
You cannot wear armour.
You gain extra lives every three experience levels.


Message History

You start resting.
HP restored.
There is an open door here.
There is a stone staircase leading down here.
You climb downwards.
Level annotation: Terence The hobgoblin shouts!
Terence shouts!
There is a stone staircase leading up here.
Casting: Beastly Appendage (safe; 9% risk of failure)
Confirm with . or Enter, or press ? or * to list all spells.
You grow a pair of large bovine horns.
Casting: Beastly Appendage (safe; 9% risk of failure)
Confirm with . or Enter, or press ? or * to list all spells.
Your blood is infused with primal strength.
The adder hisses angrily.
The adder bites you.
You closely miss the adder. You headbutt the adder.
The adder is lightly wounded.
The adder bites you.
You miss the adder.
The adder is lightly wounded.
Terence misses you. The adder closely misses you.
You barely miss the adder.
The adder is lightly wounded.
The adder barely misses you. Terence closely misses you.
You scratch the adder. You headbutt the adder.
The adder is severely wounded.
The adder completely misses you. Terence barely misses you.
The hobgoblin closely misses you. The adder barely misses you.
You closely miss the adder.
The adder is severely wounded.
Your transformation is almost over.
Terence misses you. The hobgoblin completely misses you. The adder bites you.
You are lethally poisoned!
The adder poisons you!
You scratch the adder.
You feel a bit better.
You kill the adder!
You feel sick. Terence hits you with a +0 flail!
Ouch! That really hurt!
You die...

.###### .......#### .
..........# ....#
..$......g##.....#
.......@@.......#
###....#####....#
#......# ....#
..#..#.# ....# .
#####.##.#####....#
#.. ..... #[.......#
B.#..##.####.#####..#
..........<....#
#...#
.........#####.#
##..#


You could see Terence and a hobgoblin.

Vanquished Creatures
  An adder (D:2)
  2 dart slugs
  A bat (D:2)
  An endoplasm (D:1)
  3 giant cockroaches
  4 hobgoblins (D:1)
  2 quokkas
  A frilled lizard (D:1)
  2 kobolds (D:1)
  4 rats
21 creatures vanquished.

Notes
Turn   | Place    | Note
-------+----------+-------------------------------------------
     0 | D:1      | Turgor the Felid Transmuter began the quest for the Orb.
     0 | D:1      | Reached XP level 1. HP: 9/9 MP: 4/4
   321 | D:1      | Reached XP level 2. HP: 12/12 MP: 6/6
   700 | D:1      | Learned a level 2 spell: Wereblood
  1046 | D:2      | Noticed Terence
  1411 | D:2      | Mangled by Terence

Illustrated notes

Levels and vault maps discovered:
D:1:      scummos_arrival_star, layout_basic
D:2:      minmay_razor_zed, layout_rooms, uniq_terence

Skill      XL: |  1  2 |
---------------+-------+-----
Dodging        | 3 |  3.1
Fighting       | |  1.4
Unarmed Combat | |  3.3
Spellcasting   | |  2.2
Transmutations | |  2.4

Action                   || total
-------------------------++-------
Melee: Unarmed           ||    61
       Bite              ||     3
       Headbutt          ||     8
 Cast: Beastly Appendage ||    14
       Wereblood         ||     1
 Stab: Sleeping          ||     2
Armor: Skin              ||     2
Dodge: Dodged            ||    60

Table legend: (Time is in decaauts)
 A = Elapsed time spent in this place.
 B = Non-inter-level travel time spent in this place.
 C = Inter-level travel time spent in this place.
 D = Time resting spent in this place.
 E = Time spent auto-exploring this place.
 F = Levels seen in this place.
 G = Mean time per level.
                   A        B        C        D        E       F      G
               +--------+--------+--------+--------+--------+-----+--------+
         Total |   1240 |   1125 |    115 |     80 |    710 |   2 |  620.0 |
       Dungeon |   1240 |   1125 |    115 |     80 |    710 |   2 |  620.0 |
               +--------+--------+--------+--------+--------+-----+--------+

Top non-repeatable levels by time:
     D:1: 1029 daAuts
     D:2: 211 daAuts
